 Dungeon Crawl Stone Soup version 0.18.1-50-g88ac8fd (webtiles) character file.

70 Ginkk the Skirmisher (level 4, -5/37 HPs)
             Began as a Demonspawn Abyssal Knight on Sept 25, 2016.
             Was a Follower of Lugonu.
             Slain by a river rat (6 damage)
             ... summoned by Eustachio
             ... on level 4 of the Dungeon.
             The game lasted 00:05:29 (903 turns).

Ginkk the Skirmisher (Demonspawn Abyssal Knight)     Turns: 903, Time: 00:05:30

Health: -5/37      AC:  5    Str: 12      XL:     4   Next: 3%
Magic:  6/6        EV: 11    Int: 14      God:    Lugonu [*.....]
Gold:   40         SH:  0    Dex:  9 (13) Spells: 0 memorised, 3 levels left

rFire  . . .     SeeInvis .     a - +1 mace
rCold  + . .     Gourm    .     b - +0 leather armour
rNeg   . . .     Faith    .     (no shield)
rPois  .         Spirit   .     (no helmet)
rElec  .         Dismiss  .     (no cloak)
rCorr  .         Reflect  .     (no gloves)
SustAt .         Harm     .     (no boots)
MR     .....                    (no amulet)
Stlth  +.........               (no ring)
                                (no ring)

@: not resistant to hostile enchantments, very unstealthy
A: hooves 1, yellow scales 1, cold resistance 1
a: Depart the Abyss, Renounce Religion


You were on level 4 of the Dungeon.
You worshipped Lugonu.
Lugonu was aware of your devotion.
You were not hungry.

You visited 1 branch of the dungeon, and saw 5 of its levels.
You visited the Abyss 1 time.

You collected 40 gold pieces.

Inventory:

Hand Weapons
 a - a +1 mace (weapon)
Missiles
 e - 63 stones (quivered)
 g - 22 sling bullets
Armour
 b - a +0 leather armour (worn)
Comestibles
 c - a bread ration
 d - a slice of pizza
 j - 4 chunks of flesh


   Skills:
 + Level 4.0 Fighting
 + Level 2.2 Maces & Flails
 + Level 2.0 Armour
 + Level 1.4 Dodging
 + Level 0.4 Stealth
 + Level 2.7 Invocations


You had 3 spell levels left.
You didn't know any spells.

Dungeon Overview and Level Annotations

Branches:
Dungeon (5/15)             Temple (0/1) D:5

Altars:
Qazlal

Shops:
D:5 [

Annotations:
D:4 Eustachio


Innate Abilities, Weirdness & Mutations

You have large cloven feet.
You are partially covered in yellow scales (AC +2).
Your flesh is cold resistant.


Message History

Eustachio blinks!
Eustachio casts a spell.
The river rat misses you.
You barely miss Eustachio. Your kick misses Eustachio.
Eustachio is severely wounded.
Eustachio hits you but does no damage.
The river rat bites you but does no damage. x2
You barely miss Eustachio.
Eustachio is severely wounded.
The river rat bites you.
* * * LOW HITPOINT WARNING * * *
The river rat misses you. Eustachio hits you with a rapier.
* * * LOW HITPOINT WARNING * * *
You hit Eustachio. You kick Eustachio, but do no damage.
Eustachio is severely wounded.
The river rat bites you.
* * * LOW HITPOINT WARNING * * *
The river rat twitches its whiskers.
The river rat bites you.
You die...

.# .# .# ### . .#
#.#### .. .# #....##
... ##b###...>.###....
#r@##............. #@#
#......<...... #r#
#............. #
#(###...........## #..
#..............##
?....##.............##
.......(..(5.......##
<....###.(.........#
.... ###........## ...
##......#.


You could see Eustachio, 2 river rats and a bat.

Vanquished Creatures
  A hound (D:4)
  3 adders
  A worm (D:3)
  A giant gecko (D:3)
  2 ball pythons
  A goblin (D:2)
  A hobgoblin (D:1)
  2 kobolds
12 creatures vanquished.

Notes
Turn   | Place    | Note
--------------------------------------------------------------
     0 | Abyss:1  | Ginkk the Demonspawn Abyssal Knight began the quest for the Orb.
     0 | Abyss:1  | Reached XP level 1. HP: 18/18 MP: 2/2
    15 | D:1      | Escaped the Abyss
   230 | D:2      | Reached skill level 1 in Dodging
   230 | D:2      | Gained mutation: You are partially covered in yellow scales (AC +2). [demonic ancestry]
   230 | D:2      | Reached XP level 2. HP: 9/24 MP: 3/3
   530 | D:2      | Found a stormy altar of Qazlal.
   560 | D:2      | You fall through a shaft!
   687 | D:3      | Gained mutation: You have large cloven feet. [demonic ancestry]
   687 | D:3      | Reached XP level 3. HP: 23/29 MP: 5/5
   833 | D:5      | Entered Level 5 of the Dungeon
   833 | D:5      | Found a staircase to the Ecumenical Temple.
   833 | D:5      | Found Dacod's Armour Shoppe.
   833 | D:5      | Noticed an ice beast
   841 | D:4      | Reached skill level 4 in Fighting
   841 | D:4      | Gained mutation: Your flesh is cold resistant. [demonic ancestry]
   841 | D:4      | Reached XP level 4. HP: 37/37 MP: 6/6
   855 | D:4      | Noticed Eustachio
   903 | D:4      | HP: 1/37 [river rat[Eustachio] (3)]
   903 | D:4      | Slain by a river rat

Skill      XL: |  1  2  3 |
---------------+----------+-----
Maces & Flails | 2 |  2.2
Dodging        | 1 |  1.4
Armour         | 2 |  2.0
Fighting       | 4 |  4.0
Stealth        | |  0.4
Invocations    | |  2.7

Action                   |  1- 3 |  4- 6 || total
-------------------------+-------+-------++-------
Melee: Mace              |    53 |    27 ||    80
       Kick              |     2 |     3 ||     5
Throw: Stone             |     2 |       ||     2
       Javelin           |       |     4 ||     4
  Use: Scroll            |     5 |       ||     5
       Potion            |     3 |       ||     3
Armor: Leather armour    |    22 |    31 ||    53
Dodge: Dodged            |    35 |    42 ||    77
